| TOP OF THE 1ST |
|
Tri-City Dust Devils batting - Pitching for Boise Hawks : LHP Juan Rivera
|
|
Pitching: LHP Juan Rivera
|
|
|
Batting: LHB Tony Contreras
|
0-0: Ball 1-0: Ball 2-0: Called Strike 2-1: Swinging Strike 2-2: Ball 3-2: Foul Ball, location: 2F 3-2: Foul Ball, location: 2F 3-2: Ground out 4-3 (Groundball, 4, EV 109.4 MPH)
|
|
Batting: LHB Jeff Trapp
|
0-0: Ball 1-0: Called Strike 1-1: Ball 2-1: Swinging Strike 2-2: Ball 3-2: Foul Ball, location: 2F 3-2: Reached on error, E5 (Groundball, 5S, EV 67.5 MPH)
|
|
Batting: RHB Antonio Lara
|
0-0: SINGLE (Groundball, 56S, EV 71.2 MPH) (infield hit) Jeff Trapp to second
|
|
Batting: SHB Manny Berrones
|
0-0: Ball 1-0: Fly out, F3 (Popup, 3S, EV 82.5 MPH)
|
|
Batting: RHB Hector Fernandez
|
0-0: Foul Ball, location: 2F 0-1: Ball Wild Pitch! Jeff Trapp to third Antonio Lara to second 1-1: Ground out 5-3 (Groundball, 56S, EV 93.1 MPH)
|
| Top of the 1st over - 0 runs, 1 hit, 1 error, 2 left on base; Tri-City 0 - Boise 0 |
| BOTTOM OF THE 1ST |
|
Boise Hawks batting - Pitching for Tri-City Dust Devils : RHP Zach Monlux
|
|
Pitching: RHP Zach Monlux
|
|
|
Batting: RHB Ryan Rinaldi
|
0-0: Foul Ball, location: 2F 0-1: Swinging Strike 0-2: Foul Ball, location: 2F 0-2: Ball 1-2: Fly out, F4 (Line Drive, 4, EV 70.6 MPH)
|
|
Batting: LHB Eddie Gonzalez
|
0-0: Fly out, F8 (Flyball, 89M, EV 79.4 MPH)
|
|
Batting: LHB Michael Krott
|
0-0: Called Strike 0-1: Swinging Strike 0-2: Ball 1-2: Foul Ball, location: 2F 1-2: Strikes out swinging
|
| Bottom of the 1st over - 0 runs, 0 hits, 0 errors, 0 left on base; Tri-City 0 - Boise 0 |
| TOP OF THE 2ND |
|
Tri-City Dust Devils batting - Pitching for Boise Hawks : LHP Juan Rivera
|
|
Batting: SHB Blake Abbott
|
0-0: Ball 1-0: Ball 2-0: Ball 3-0: Called Strike 3-1: Base on Balls
|
|
Batting: RHB Paul Van Gilder
|
0-0: Ball 1-0: Ball 2-0: Ball 3-0: Called Strike 3-1: Base on Balls Blake Abbott to second
|
|
Batting: RHB Max Stillo
|
0-0: Ball 1-0: Called Strike 1-1: Foul Ball, location: 2F 1-2: Strikes out looking
|
|
Batting: RHB Ryan Marler
|
0-0: Ball 1-0: Foul Ball, location: 2F 1-1: Swinging Strike 1-2: Fly out, F2 (Popup, 3SF, EV 85.0 MPH)
|
|
Batting: LHB Tony Contreras
|
0-0: Called Strike 0-1: Called Strike 0-2: Ball 1-2: Fly out, F9 (Line Drive, 9, EV 89.4 MPH)
|
| Top of the 2nd over - 0 runs, 0 hits, 0 errors, 2 left on base; Tri-City 0 - Boise 0 |
| BOTTOM OF THE 2ND |
|
Boise Hawks batting - Pitching for Tri-City Dust Devils : RHP Zach Monlux
|
|
Batting: LHB Zack Guillen
|
0-0: SINGLE (Line Drive, 34D, EV 101.2 MPH)
|
|
Batting: RHB Tyler Stebbins
|
0-0: Called Strike Zack Guillen steals 2nd base 0-1: Called Strike 0-2: Strikes out swinging
|
|
Batting: LHB Jeremy Brammer
|
0-0: Ball 1-0: Swinging Strike 1-1: Swinging Strike 1-2: Fly out, F8 (Flyball, 8RD, EV 78.1 MPH)
|
|
Batting: SHB Jamie Locke
|
0-0: Ball 1-0: Ball 2-0: Foul Ball, location: 2F 2-1: Fly out, F8 (Flyball, 8LM, EV 86.9 MPH)
|
| Bottom of the 2nd over - 0 runs, 1 hit, 0 errors, 1 left on base; Tri-City 0 - Boise 0 |
| TOP OF THE 3RD |
|
Tri-City Dust Devils batting - Pitching for Boise Hawks : LHP Juan Rivera
|
|
Batting: LHB Jeff Trapp
|
0-0: Foul Ball, location: 2F 0-1: Foul Ball, location: 2F 0-2: Ball 1-2: SINGLE (Line Drive, 78M, EV 89.4 MPH)
|
|
Batting: RHB Antonio Lara
|
0-0: Ball Jeff Trapp steals 2nd base (no throw) 1-0: Ball 2-0: Ball 3-0: Base on Balls
|
|
Batting: SHB Manny Berrones
|
0-0: Called Strike 0-1: Foul Ball, location: 2F 0-2: Grounds out, U3 (Groundball, 3L, EV 86.9 MPH) Jeff Trapp to third
|
|
Batting: RHB Hector Fernandez
|
0-0: Ball 1-0: Ball 2-0: SINGLE (Groundball, 56D, EV 110.0 MPH) Jeff Trapp scores Antonio Lara to third Runner from 3rd tries for Home, SAFE, throw by LF to home
|
|
Batting: SHB Blake Abbott
|
0-0: Swinging Strike 0-1: Swinging Strike 0-2: Ball 1-2: Ball 2-2: Strikes out swinging
|
|
Batting: RHB Paul Van Gilder
|
0-0: Ball 1-0: Ball 2-0: Ball 3-0: Base on Balls Hector Fernandez to second
|
|
Batting: RHB Max Stillo
|
0-0: Called Strike 0-1: Foul Ball, location: 2F 0-2: Fly out, F8 (Flyball, 8LD, EV 80.0 MPH)
|
| Top of the 3rd over - 2 runs, 2 hits, 0 errors, 2 left on base; Tri-City 2 - Boise 0 |
| BOTTOM OF THE 3RD |
|
Boise Hawks batting - Pitching for Tri-City Dust Devils : RHP Zach Monlux
|
|
Batting: RHB Manny Thompson
|
0-0: Ball 1-0: Called Strike 1-1: Ball 2-1: Called Strike 2-2: SINGLE (Line Drive, 9S, EV 96.2 MPH)
|
|
Batting: RHB Matt Cone
|
0-0: Foul Ball, location: 2F 0-1: Swinging Strike 0-2: Strikes out swinging
|
|
Batting: RHB Ryan Rinaldi
|
0-0: Ball 1-0: Called Strike 1-1: Ball 2-1: Foul Ball, location: 2F 2-2: Strikes out looking
|
|
Batting: LHB Eddie Gonzalez
|
0-0: Ground out 4-3 (Groundball, 4, EV 78.8 MPH)
|
| Bottom of the 3rd over - 0 runs, 1 hit, 0 errors, 1 left on base; Tri-City 2 - Boise 0 |
| TOP OF THE 4TH |
|
Tri-City Dust Devils batting - Pitching for Boise Hawks : LHP Juan Rivera
|
|
Batting: RHB Ryan Marler
|
0-0: Ball 1-0: Called Strike 1-1: Called Strike 1-2: Ball 2-2: Ball 3-2: Base on Balls
|
|
Pitching: RHP Dane Long
|
|
|
Batting: LHB Tony Contreras
|
0-0: SINGLE (Flyball, 78S, EV 94.4 MPH) Ryan Marler to second
|
|
Batting: LHB Jeff Trapp
|
0-0: Ball 1-0: Ball 2-0: Called Strike 2-1: Foul Ball, location: 2F 2-2: Foul Ball, location: 2F 2-2: Foul Ball, location: 2F 2-2: Strikes out swinging
|
|
Batting: RHB Antonio Lara
|
0-0: Fly out, F6 (Line Drive, 6, EV 63.1 MPH) Lined into DP, 6-4 (Line Drive, 6, EV 64.4 MPH)
|
| Top of the 4th over - 0 runs, 1 hit, 0 errors, 1 left on base; Tri-City 2 - Boise 0 |
| BOTTOM OF THE 4TH |
|
Boise Hawks batting - Pitching for Tri-City Dust Devils : RHP Zach Monlux
|
|
Batting: LHB Michael Krott
|
0-0: Ball 1-0: Ball 2-0: Ball 3-0: Base on Balls
|
|
Batting: LHB Zack Guillen
|
0-0: Swinging Strike 0-1: Ball 1-1: Ball 2-1: Foul Ball, location: 2F 2-2: Fly out, F9 (Flyball, 9, EV 94.4 MPH)
|
|
Batting: RHB Tyler Stebbins
|
0-0: Ball Michael Krott steals 2nd base 1-0: Foul Ball, location: 2F 1-1: Swinging Strike 1-2: Ball 2-2: Foul Ball, location: 2F 2-2: Strikes out swinging
|
|
Batting: LHB Jeremy Brammer
|
0-0: Ball 1-0: Ball 2-0: Ball 3-0: Foul Ball, location: 2F 3-1: Called Strike 3-2: Foul Ball, location: 2F 3-2: Ground out 4-3 (Groundball, 34, EV 98.8 MPH)
|
| Bottom of the 4th over - 0 runs, 0 hits, 0 errors, 1 left on base; Tri-City 2 - Boise 0 |
| TOP OF THE 5TH |
|
Tri-City Dust Devils batting - Pitching for Boise Hawks : RHP Dane Long
|
|
Batting: SHB Manny Berrones
|
0-0: Swinging Strike 0-1: Ball 1-1: Foul Ball, location: 2F 1-2: Ground out 1-3 (Groundball, 25, EV 71.9 MPH)
|
|
Batting: RHB Hector Fernandez
|
0-0: Called Strike 0-1: Swinging Strike 0-2: Strikes out swinging
|
|
Batting: SHB Blake Abbott
|
0-0: Ball 1-0: Called Strike 1-1: Called Strike 1-2: Strikes out swinging
|
| Top of the 5th over - 0 runs, 0 hits, 0 errors, 0 left on base; Tri-City 2 - Boise 0 |
| BOTTOM OF THE 5TH |
|
Boise Hawks batting - Pitching for Tri-City Dust Devils : RHP Zach Monlux
|
|
Batting: SHB Jamie Locke
|
0-0: Ground out 6-3 (Groundball, 4M, EV 91.2 MPH)
|
|
Batting: RHB Manny Thompson
|
0-0: Ball 1-0: Called Strike 1-1: Foul Ball, location: 2F 1-2: DOUBLE (Line Drive, 7LM, EV 106.2 MPH)
|
|
Batting: RHB Matt Cone
|
0-0: Fly out, F9 (Flyball, 9, EV 96.9 MPH)
|
|
Batting: RHB Ryan Rinaldi
|
0-0: Called Strike 0-1: Ball 1-1: Swinging Strike 1-2: Ball 2-2: Ball 3-2: Base on Balls
|
|
Batting: LHB Eddie Gonzalez
|
0-0: Ball 1-0: Fielders Choice at 2nd, 6-4 (Groundball, 6, EV 83.1 MPH)
|
| Bottom of the 5th over - 0 runs, 1 hit, 0 errors, 2 left on base; Tri-City 2 - Boise 0 |
| TOP OF THE 6TH |
|
Tri-City Dust Devils batting - Pitching for Boise Hawks : RHP Dane Long
|
|
Batting: RHB Paul Van Gilder
|
0-0: Called Strike 0-1: Ball 1-1: Ball 2-1: Called Strike 2-2: Strikes out swinging
|
|
Pitching: RHP Jim Micaletti
|
|
|
Batting: RHB Max Stillo
|
0-0: Called Strike 0-1: Foul Ball, location: 2F 0-2: Strikes out looking
|
|
Batting: RHB Ryan Marler
|
0-0: Called Strike 0-1: Ball 1-1: Ground out U3 (Groundball, 3, EV 87.5 MPH)
|
| Top of the 6th over - 0 runs, 0 hits, 0 errors, 0 left on base; Tri-City 2 - Boise 0 |
| BOTTOM OF THE 6TH |
|
Boise Hawks batting - Pitching for Tri-City Dust Devils : RHP Zach Monlux
|
|
Batting: LHB Michael Krott
|
0-0: Ball 1-0: Ball 2-0: Foul Ball, location: 2F 2-1: Ground out 3-1 (Groundball, 34S, EV 88.1 MPH)
|
|
Batting: LHB Zack Guillen
|
0-0: Ball 1-0: Ball 2-0: Ball 3-0: Called Strike 3-1: Base on Balls
|
|
Batting: RHB Tyler Stebbins
|
0-0: Called Strike 0-1: Foul Ball, location: 2F 0-2: Ball 1-2: Fly out, F8 (Flyball, 8LM, EV 91.2 MPH)
|
|
Batting: LHB Jeremy Brammer
|
0-0: Ball Zack Guillen is caught stealing 2nd base 2-6
|
| Bottom of the 6th over - 0 runs, 0 hits, 0 errors, 0 left on base; Tri-City 2 - Boise 0 |
| TOP OF THE 7TH |
|
Tri-City Dust Devils batting - Pitching for Boise Hawks : RHP Jim Micaletti
|
|
Batting: LHB Tony Contreras
|
0-0: Ball 1-0: Called Strike 1-1: Swinging Strike 1-2: Strikes out swinging
|
|
Batting: LHB Jeff Trapp
|
0-0: Ball 1-0: Called Strike 1-1: Foul Ball, location: 2F 1-2: Foul Ball, location: 2F 1-2: Ball 2-2: SINGLE (Groundball, 4MD, EV 101.2 MPH)
|
|
Batting: RHB Antonio Lara
|
0-0: Ball Jeff Trapp steals 2nd base 1-0: Ball 2-0: Swinging Strike 2-1: Swinging Strike 2-2: Strikes out looking
|
|
Batting: SHB Manny Berrones
|
0-0: Ball 1-0: Foul Ball, location: 2F 1-1: Ball 2-1: Foul Ball, location: 2F 2-2: Strikes out swinging
|
| Top of the 7th over - 0 runs, 1 hit, 0 errors, 1 left on base; Tri-City 2 - Boise 0 |
| BOTTOM OF THE 7TH |
|
Boise Hawks batting - Pitching for Tri-City Dust Devils : RHP Zach Monlux
|
|
Batting: LHB Jeremy Brammer
|
0-0: Called Strike 0-1: Ball 1-1: Foul Ball, location: 2F 1-2: Strikes out swinging
|
|
Batting: SHB Jamie Locke
|
0-0: Called Strike 0-1: Foul Ball, location: 2F 0-2: Ground out U3 (Groundball, 3S, EV 83.8 MPH)
|
|
Batting: RHB Manny Thompson
|
0-0: Ball 1-0: Foul Ball, location: 2F 1-1: Swinging Strike 1-2: Ball 2-2: Foul Ball, location: 2F 2-2: Foul Ball, location: 2F 2-2: Strikes out swinging
|
| Bottom of the 7th over - 0 runs, 0 hits, 0 errors, 0 left on base; Tri-City 2 - Boise 0 |
| TOP OF THE 8TH |
|
Tri-City Dust Devils batting - Pitching for Boise Hawks : RHP Jim Micaletti
|
|
Batting: RHB Hector Fernandez
|
0-0: Ball 1-0: Called Strike 1-1: Ball 2-1: Ground out 6-3 (Groundball, 6, EV 90.0 MPH)
|
|
Pitching: RHP Angelo Ayala
|
|
|
Batting: SHB Blake Abbott
|
0-0: Called Strike 0-1: Foul Ball, location: 2F 0-2: Ball 1-2: Ground out 6-3 (Groundball, 4, EV 80.0 MPH)
|
|
Batting: RHB Paul Van Gilder
|
0-0: Called Strike 0-1: Foul Ball, location: 2F 0-2: Strikes out swinging
|
| Top of the 8th over - 0 runs, 0 hits, 0 errors, 0 left on base; Tri-City 2 - Boise 0 |
| BOTTOM OF THE 8TH |
|
Boise Hawks batting - Pitching for Tri-City Dust Devils : RHP Zach Monlux
|
|
Pitching: RHP Colin Dorsey
|
|
|
Batting: RHB Matt Cone
|
0-0: Called Strike 0-1: Ball 1-1: Fly out, F8 (Flyball, 8RD, EV 86.9 MPH)
|
|
Batting: RHB Ryan Rinaldi
|
0-0: Ball 1-0: Ball 2-0: Foul Ball, location: 2F 2-1: Ball 3-1: Base on Balls
|
|
Batting: LHB Eddie Gonzalez
|
0-0: Grounds into double play, 4-6-3 (Groundball, 4S, EV 83.8 MPH)
|
| Bottom of the 8th over - 0 runs, 0 hits, 0 errors, 0 left on base; Tri-City 2 - Boise 0 |
| TOP OF THE 9TH |
|
Tri-City Dust Devils batting - Pitching for Boise Hawks : RHP Angelo Ayala
|
|
Batting: RHB Max Stillo
|
0-0: Ball 1-0: Called Strike 1-1: Foul Ball, location: 2F 1-2: Strikes out swinging
|
|
Batting: RHB Ryan Marler
|
0-0: Ball 1-0: Ball 2-0: Called Strike 2-1: Ball 3-1: Base on Balls
|
|
Batting: LHB Tony Contreras
|
0-0: Called Strike 0-1: Ball 1-1: Called Strike 1-2: Ball 2-2: Ball 3-2: Fly out, F7 (Flyball, 7S, EV 90.0 MPH)
|
|
Batting: LHB Jeff Trapp
|
0-0: Called Strike 0-1: Ball 1-1: Ball 2-1: Ground out 5-3 (Groundball, 5S, EV 62.5 MPH)
|
| Top of the 9th over - 0 runs, 0 hits, 0 errors, 1 left on base; Tri-City 2 - Boise 0 |
| BOTTOM OF THE 9TH |
|
Boise Hawks batting - Pitching for Tri-City Dust Devils : RHP Colin Dorsey
|
|
Pitching: LHP Ismael Diaz
|
|
|
Batting: LHB Michael Krott
|
0-0: Called Strike 0-1: Ground out 1-3 (Groundball, 13S, EV 68.8 MPH)
|
|
Batting: RHB Bob Staley
|
0-0: Foul Ball, location: 2F 0-1: Called Strike 0-2: Ball 1-2: Strikes out swinging
|
|
Batting: RHB Tyler Stebbins
|
0-0: Swinging Strike 0-1: Swinging Strike 0-2: Strikes out swinging
|
| Bottom of the 9th over - 0 runs, 0 hits, 0 errors, 0 left on base; Tri-City 2 - Boise 0 |
|